AoeStats
← Blyad _Mann

Black Forest

509051289Analyzed
4v4 RM · 7d ago on Sep 25, 2026· 43m 13s· 8 players
Game mode
Random Map
Map size
Large (8 player)
Population
200
Speed
Normal
Resources
Standard
Victory
Conquest
Starting age
Dark Age
Ending age
Imperial Age
RankedLock teamsTeams togetherTeam positionsShared explorationLock speedFull tech treeHidden civsTurbo modeCheats
Victory
Defeat
🇹🇼 Britons · Taiwan
1021
+16
🇳🇱 Danes · Netherlands
959
+19
🇨🇳 Mongols · China
937
+20
🇮🇳 Persians · India
932
+20
🇹🇼 Danes · Taiwan
1081
-21
🇰🇷 Persians · South Korea
1049
-20
🇨🇳 Chinese · China
983
-17
🇹🇼 Turks · Taiwan
980
-17
打不过
1:30 Loom
11:42 Feudal Age
15:56 Castle Age
16:18 Stone Mining
16:12 Horse Collar
16:18 Double-Bit Axe
24:41 Heavy Plow
26:18 Bow Saw
26:21 Fletching
28:45 Nomads
30:07 Wheelbarrow
32:47 Imperial Age
31:01 Town Watch
31:43 Hand Cart
31:53 Ballistics
31:29 Bodkin Arrow
32:45 Gold Mining
33:36 Stone Shaft Mining
33:18 Padded Archer Armor
34:45 Gold Shaft Mining
34:51 Conscription
35:14 Masonry
37:17 Husbandry
37:27 Bloodlines
36:38 Elite Steppe Lancer
37:34 Forging
37:29 Scale Barding Armor
40:18 Chain Barding Armor
42:22 Iron Casting
41:11 Light Cavalry
kwik
4:11 Loom
13:16 Feudal Age
15:05 Double-Bit Axe
15:03 Horse Collar
17:48 Castle Age
18:34 Bow Saw
18:27 Heavy Plow
23:26 Wheelbarrow
25:04 Stone Mining
25:05 Gold Mining
27:14 Stone Shaft Mining
27:15 Gold Shaft Mining
29:02 Hand Cart
28:32 Town Watch
31:54 Imperial Age
30:12 Ballistics
29:47 Murder Holes
30:03 Masonry
31:48 Devotion
31:43 Herbal Medicine
31:55 Scale Barding Armor
32:01 Forging
31:50 Elite War Elephant
32:41 Citadels
32:52 Conscription
33:41 Chemistry
33:30 Chain Barding Armor
34:00 Faith
36:27 Iron Casting
40:18 Hoardings
40:25 Plate Barding Armor
40:55 Blast Furnace
41:37 Kamandaran
41:29 Fletching
41:40 Padded Archer Armor
43:01 Crossbowman
43:46 Thumb Ring
北賢龍
1:45 Loom
12:44 Feudal Age
16:21 Castle Age
14:24 Horse Collar
14:32 Double-Bit Axe
17:28 Bow Saw
18:42 Heavy Plow
23:54 Wheelbarrow
23:17 Gold Mining
25:30 Fletching
25:27 Town Watch
25:58 Hand Cart
27:50 Bodkin Arrow
27:29 Pikeman
28:15 Elite Skirmisher
30:15 Padded Archer Armor
31:22 Squires
31:24 Scale Mail Armor
31:41 Leather Archer Armor
33:53 Chain Mail Armor
34:53 Forging
37:04 Iron Casting
37:14 Scale Barding Armor
46:20 Imperial Age
Blyad _Mann
0:27 Loom
19:26 Feudal Age
20:16 Double-Bit Axe
20:24 Fishing Lines
26:12 Castle Age
23:57 Horse Collar
26:02 Fletching
26:22 Forging
26:13 Scale Mail Armor
26:22 Stone Mining
27:10 Gillnets
28:05 Man-at-Arms
28:30 Gambesons
30:13 Iron Casting
29:53 Chain Mail Armor
29:12 Long Swordsman
30:05 Gold Mining
32:43 Wheelbarrow
31:51 Horse Collar
34:18 Hand Cart
34:55 Bow Saw
35:24 Squires
35:11 Arson
35:40 Heavy Plow
37:46 Chain Mail Armor
43:52 Imperial Age
阿泡
1:49 Loom
13:53 Feudal Age
19:41 Castle Age
17:36 Double-Bit Axe
17:49 Horse Collar
22:20 Gambesons
25:11 Fletching
Sophie_J
5:21 Loom
11:10 Feudal Age
16:16 Castle Age
15:16 Double-Bit Axe
17:19 Horse Collar
21:45 Wheelbarrow
21:37 Town Watch
22:42 Hand Cart
22:55 Stone Mining
23:41 Gold Mining
27:48 Gold Shaft Mining
28:18 Bow Saw
28:10 Heavy Plow
28:49 Stone Shaft Mining
30:57 Imperial Age
29:12 Bloodlines
28:23 Light Cavalry
29:03 Husbandry
29:12 Scale Barding Armor
29:56 Murder Holes
30:11 Masonry
30:23 Chain Barding Armor
30:13 Forging
30:03 Scale Mail Armor
30:23 Chain Barding Armor
30:36 Pikeman
31:16 Squires
31:01 Arson
32:36 Two-Man Saw
32:11 Crop Rotation
31:22 Halberdier
31:29 Cavalier
31:29 Hussar
32:59 Guilds
34:25 Chain Mail Armor
34:20 Forging
34:46 Plate Barding Armor
34:04 Capped Ram
34:55 Siege Ram
37:54 Architecture
37:57 Plate Mail Armor
38:02 Iron Casting
37:34 Savar
39:22 Devotion
39:40 Block Printing
39:37 Fervor
40:07 Theocracy
40:29 Conscription
40:44 Hoardings
39:30 Elite War Elephant
41:09 Citadels
拉豬武士
0:47 Loom
14:23 Feudal Age
20:00 Castle Age
19:16 Double-Bit Axe
19:24 Gold Mining
19:16 Horse Collar
25:28 Imperial Age
23:18 Padded Archer Armor
24:21 Gold Shaft Mining
24:04 Bow Saw
27:26 Leather Archer Armor
30:30 Bloodlines
30:21 Husbandry
31:05 Ring Archer Armor
41:38 Heavy Plow
42:55 Wheelbarrow
1347398690
0:51 Loom
13:50 Feudal Age
14:40 Double-Bit Axe
14:37 Horse Collar
18:21 Fishing Lines
21:18 Castle Age
25:12 Wheelbarrow
26:02 Bow Saw
25:58 Gillnets
27:59 Hand Cart
28:13 Heavy Plow
29:01 Fletching
29:12 Padded Archer Armor
32:19 Imperial Age
30:45 Bodkin Arrow
31:05 Leather Archer Armor
31:23 Ballistics
31:00 Murder Holes
30:56 Guard Tower
31:19 Masonry
32:32 Heavy Scorpion
32:33 Heavy Rocket Cart
33:37 Conscription
34:55 Chemistry
34:33 Keep
33:45 Arrowslits
34:31 Architecture
34:54 Bracer
42:01 Bombard Tower
41:49 Scale Mail Armor
42:00 Forging
42:20 Ring Archer Armor
41:58 Scale Barding Armor
Connection lost

Rejoining the realm…

Still unreachable

The connection could not be restored.

Session expired

The server has moved on; the page needs a fresh start.